 Dungeon Crawl Stone Soup version 0.28.0 (webtiles) character file.

Game seed: 3283247772583368597

52719 porkupine the Fighter (level 14, -1/108 (133) HPs)
             Began as a White Draconian Monk on Feb 16, 2022.
             Was the Champion of Zin.
             Slain by Rupert (2 damage)
             ... on level 4 of the Lair of Beasts.
             The game lasted 01:57:26 (29576 turns).

porkupine the Fighter (White Draconian Monk)       Turns: 29576, Time: 01:57:26

HP:   -1/108 (133)  AC: 17    Str: 14    XL:     14   Next: 28%
MP:   13/26         EV: 14    Int: 22    God:    Zin [******]
Gold: 765           SH:  7    Dex: 13    Spells: 16/30 levels left

rFire   . . .      SeeInvis .   a - +6 broad axe (flame)
rCold   + . .      Faith    .   I - +2 buckler
rNeg    . . .      Spirit   .   (armour unavailable)
rPois   .          Reflect  .   e - +2 hat {Will+}
rElec   .          Harm     .   h - +2 cloak
rCorr   .          Rampage  +   x - +0 pair of gloves
Will    ++...                   N - +2 pair of boots {rampage}
Stlth   ++........              (no amulet)
HPRegen 0.28/turn               K - +6 ring of intelligence
MPRegen 0.20/turn               M - ring of wizardry

@: freezing walls, heavily drained
A: breathe frost, AC +8, unfitting armour, cold resistance 1, cold-blooded
a: Breathe Frost, Renounce Religion, Recite, Vitalisation, Imprison, Sanctuary,
Donate Gold


You were on level 4 of the Lair of Beasts.
You worshipped Zin.
Zin was exalted by your worship.
You visited 3 branches of the dungeon, and saw 19 of its levels.
You also visited: Ossuary.

You collected 1765 gold pieces.
You spent 778 gold pieces at shops.
You donated 222 gold pieces to Zin.

Inventory:

Hand Weapons
 a - a +6 broad axe of flaming (weapon)
 b - a +3 flail of protection
 J - a +1 scimitar of holy wrath
Missiles
 p - 3 javelins (quivered)
 v - 259 arrows
 F - 29 poisoned darts
 H - 12 boomerangs
 L - 3 curare-tipped darts
Armour
 e - a +2 hat of willpower (worn)
 h - a +2 cloak (worn)
 x - a +0 pair of gloves (worn)
 I - a +2 buckler (worn)
 N - a +2 pair of boots of rampaging (worn)
Magical Staves
 k - a staff of air
 s - a staff of earth
Jewellery
 c - a +4 ring of slaying
 t - a ring of flight
 y - a ring of protection from cold
 A - a +6 ring of intelligence
 K - a +6 ring of intelligence (left hand)
 M - a ring of wizardry (right hand)
Wands
 d - a wand of iceblast (10)
 q - a wand of digging (17)
 r - a wand of flame (45)
 u - a wand of acid (2)
 z - a wand of paralysis (12)
Scrolls
 f - 6 scrolls of teleportation
 w - 2 scrolls of amnesia
 B - 9 scrolls of identify
 D - a scroll of magic mapping
 O - a scroll of summoning
 P - a scroll of fear
Potions
 g - 4 potions of heal wounds
 i - a potion of flight
 j - a potion of curing
 l - 3 potions of invisibility
 m - 7 potions of brilliance
 n - 3 potions of haste
 o - a potion of berserk rage
 C - a potion of attraction
 E - a potion of magic
 G - 4 potions of might


   Skills:
 + Level 14.4 Fighting
 + Level 8.8(10.6) Axes
 - Level 9.6(11.3) Maces & Flails
 * Level 3.4(7.0) Staves
 + Level 7.2 Dodging
 - Level 1.7 Stealth
 - Level 5.0 Shields
 + Level 8.5 Spellcasting
 - Level 7.0 Summonings
 - Level 7.0 Ice Magic
 * Level 3.6 Poison Magic
 + Level 7.9 Invocations


You had 16 spell levels left.
You knew the following spells:

 Your Spells              Type           Power      Damage    Failure   Level
a - Call Canine Familiar  Summ           40%        N/A       1%          3
b - Summon Ice Beast      Ice/Summ       40%        N/A       1%          4
c - Frozen Ramparts       Ice            80%        1d10      1%          3
d - Olgreb's Toxic Radia  Pois           25%        N/A       9%          4

Your spell library contained the following spells:

 Spells                   Type           Power      Damage    Failure   Level
 Sting                    Tmut/Pois      68%        1d6       1%          1
 Poisonous Vapours        Pois/Air       34%        N/A       2%          2
 Static Discharge         Conj/Air       9%         N/A       6%          2
 Ice Form                 Ice/Tmut       24%        N/A       9%          4
 Portal Projectile        Hex/Tloc       18%        N/A       11%         3
 Tukima's Dance           Hex            9%         N/A       11%         3
 Leda's Liquefaction      Hex/Erth       4%         N/A       32%         4
 Passage of Golubria      Tloc           9%         N/A       32%         4
 Lightning Bolt           Conj/Air       4%         1d16      65%         5
 Yara's Violent Unravell  Hex/Tmut       4%         3d4       65%         5
 Dispersal                Tloc           4%         N/A       99%         6
 Disjunction              Tloc           4%         N/A       100%        8
 Maxwell's Capacitive Co  Air            4%         ∞         100%        8


Dungeon Overview and Level Annotations

Branches:
Dungeon (13/15)            Temple (0/1) D:5            Lair (4/6) D:8
 Spider (0/4) Lair:2          Orc (2/2) D:12            Elf (0/3) Orc:2
Ossuary (visited)
  Swamp: Lair:2-4    Shoals: Lair:2-4    Vaults: D:13-14

Altars:
Nemelex Xobeh
Qazlal
Zin

Shops:
D:2 ?   Orc:2 [([!

Annotations:
Lair:4 Rupert


Innate Abilities, Weirdness & Mutations

You can breathe waves of freezing cold which knock back foes.
Your icy white scales are hard. (AC +8)
You cannot fit into any form of body armour.
Your flesh is cold resistant. (rC+)
You are cold-blooded and may be slowed by cold attacks.


Message History

You hear a bellow!
Casting: Call Canine Familiar (safe; 1% risk of failure)
Confirm with . or Enter, or press ? or * to list all spells.
Casting: Frozen Ramparts (safe; 1% risk of failure)
Press: ? - help, Dir - look around, f - activate The walls around you are covered in ice.
Rupert shouts!
Your wolf bites Rupert!
The cane toad closely misses your wolf.
Aiming: Corrosive Bolt
Press: ? - help, Shift-Dir - straight line, f - Rupert
Aim: Rupert, wielding a +3 great sword of draining and wearing a +2 leather armour of poison resistance (moderately wounded, berserk, covered in acid, ally target, 71% to hit)
The bolt of acid hits Rupert!
Rupert is moderately wounded.
Your wolf closely misses Rupert.
The wall freezes Rupert.
The cane toad stings your wolf!!
Your wolf dies!
Your wolf's corpse disappears in a puff of smoke!
A yak comes into view.
The wall freezes Rupert!
Rupert hits you with a +3 great sword of draining!
You feel drained.
The yak bellows!
Casting: Frozen Ramparts (safe; 1% risk of failure)
Confirm with . or Enter, or press ? or * to list all spells.
You begin to radiate toxic energy.
The yak is poisoned. x2
The yak looks even sicker.
The wall freezes Rupert.
Rupert hits you with a +3 great sword of draining!!
You feel drained.
You closely miss Rupert.
Rupert is moderately wounded.
The yak is poisoned.
The yak looks even sicker.
Your toxic aura wanes.
The wall freezes Rupert.
Rupert hits you with a +3 great sword of draining!!
You feel drained.
The wall freezes the yak.
The wall freezes the cane toad.
The wall freezes Rupert.
Rupert hits you with a +3 great sword of draining!!!
* * * LOW HITPOINT WARNING * * *
You feel drained.
You die...

####...###....#......# ...
.##..##.......##..## ....
..............##.#.####....
...........................
...........................
........................Y..
..##...†##...........Y.....
.###.#.##P..###.#@Y#..#....
.##P.#.###...#..@###### .
..#....##†..###..#.##
.......'†)..#.#.....#
..#....##...........#
.###...###...#......# .
##..# #..####..#.# ##.#
#..# ###### #.## #..# ...
....


You could see Rupert (berserk, corroded) and 2 yaks.

Vanquished Creatures
  An orc warlord (D:12)
  2 hydras
  A catoblepas (D:12)
  An ogre mage (D:12)
  2 two-headed ogres (D:12)
  Sonja (Lair:2)
  An orc sorcerer (Orc:2)
  2 manticores
  7 elephants
  2 black mambas
  Maggie (D:8)
  A gargoyle (D:10)
  A rime drake (Lair:3)
  5 cane toads
  A freezing wraith (D:12)
  3 komodo dragons
  4 trolls
  A hornet (D:7)
  A jumping spider (Lair:2)
  22 blink frogs
  A wraith (D:10)
  2 shadows
  5 wyverns
  2 culicivoras (Lair:2)
  A vampire (D:11)
  2 basilisks
  41 yaks
  Grum (D:9)
  2 vampire mosquitoes
  4 redbacks (Lair:2)
  2 steam dragons
  Edmund (D:4)
  2 wargs
  3 water moccasins
  Duvessa (D:5)
  26 orc warriors
  An ice beast (shapeshifter) (D:8)
  An ice beast (D:6)
  2 black bears
  9 ogres
  18 wolves
  2 phantoms
  6 centaurs
  2 kobold brigands
  Blork the orc (D:5)
  5 bullfrogs
  3 nameless horrors
  A wyvern zombie (D:8)
  A water moccasin zombie (D:6)
  8 scorpions
  2 water moccasin skeletons (D:5)
  8 killer bees
  An electric eel (Lair:2)
  A howler monkey (D:12)
  A bullfrog zombie (D:5)
  A centaur zombie (Ossuary)
  5 orc priests
  3 hounds
  2 human zombies (Ossuary)
  2 jellies
  Crazy Yiuf (D:4)
  A gnoll shaman (D:8)
  4 iguanas
  2 centaur skeletons (D:5)
  13 orc wizards
  7 hell rats
  7 scorpion zombies
  A hound zombie (D:5)
  3 mummies (Ossuary)
  A howler monkey zombie (D:9)
  5 gnolls
  5 adders
  A howler monkey skeleton (D:5)
  A shadow imp (D:7)
  3 white imps
  A worm (D:3)
  2 dart slugs
  47 orcs
  9 endoplasms
  4 giant cockroaches
  2 gnoll zombies (Ossuary)
  5 goblins
  7 hobgoblins
  5 quokkas
  8 ball pythons
  3 bats
  4 frilled lizards (D:1)
  2 goblin zombies (Ossuary)
  A hobgoblin zombie (Ossuary)
  16 kobolds
  2 kobold zombies (Ossuary)
  8 rats
423 creatures vanquished.

Vanquished Creatures (collateral kills)
  5 hydras
  2 two-headed ogres
  3 orc knights
  2 cyclopes (D:12)
  3 elephants
  4 cane toads
  Joseph (D:8)
  3 trolls
  2 blink frogs (Lair:1)
  A jumping spider (Lair:2)
  A vampire (D:12)
  12 yaks
  4 vampire mosquitoes
  3 redbacks (Lair:2)
  A redback simulacrum (D:12)
  An acid dragon (D:12)
  5 water moccasins
  13 orc warriors
  4 centaurs
  2 ogres (Orc:1)
  4 wolves
  A kobold brigand (D:10)
  3 bullfrogs
  A water moccasin zombie (D:6)
  Dowan (D:5)
  5 killer bees
  3 howler monkeys (D:8)
  2 electric eels
  4 orc priests
  8 orc wizards
  A howler monkey skeleton (D:5)
  3 gnolls (D:8)
  13 orcs
  3 kobolds
124 creatures vanquished.

Vanquished Creatures (others)
  29 fungi
  21 plants
50 creatures vanquished.

Grand Total: 597 creatures vanquished

Notes
Turn   | Place    | Note
-------+----------+-------------------------------------------
     0 | D:1      | porkupine the Draconian Monk began the quest for the Orb.
     0 | D:1      | Reached XP level 1. HP: 19/19 MP: 1/1
   202 | D:1      | Reached XP level 2. HP: 20/27 MP: 2/2
   203 | D:1      | Reached skill level 4 in Fighting
  1075 | D:1      | Reached XP level 3. HP: 25/34 MP: 3/3
  1371 | D:2      | Reached skill level 5 in Fighting
  1479 | D:2      | Found Nosk's Magic Scroll Emporium.
  1803 | D:3      | Found a glowing silver altar of Zin.
  1828 | D:3      | Reached XP level 4. HP: 38/42 MP: 4/4
  2144 | D:3      | Became a worshipper of Zin the Law-Giver
  2144 | D:3      | Reached * piety under Zin
  2144 | D:3      | Reached ** piety under Zin
  2177 | D:3      | Donated 46 gold pieces to Zin
  2231 | D:3      | Reached skill level 6 in Fighting
  2378 | D:3      | Reached *** piety under Zin
  2452 | D:3      | Learned a level 3 spell: Call Canine Familiar
  2614 | D:3      | Found a faded altar of an unknown god.
  2692 | D:4      | Found a sand-covered staircase.
  2700 | Ossuary  | Entered an ossuary
  2707 | Ossuary  | Noticed a scorpion
  2720 | Ossuary  | Killed a scorpion
  2721 | Ossuary  | Reached XP level 5. HP: 24/51 MP: 5/5
  2943 | Ossuary  | Reached skill level 1 in Spellcasting
  2943 | Ossuary  | Reached skill level 1 in Summonings
  2971 | Ossuary  | Reached XP level 6. HP: 34/58 MP: 7/7
  3210 | Ossuary  | Reached skill level 7 in Fighting
  3373 | Ossuary  | Your scales start taking on an icy white colour.
  3373 | Ossuary  | Reached XP level 7. HP: 50/66 MP: 8/10
  3373 | Ossuary  | Gained mutation: Your flesh is cold resistant. (rC+) [White
                  | Draconian growth]
  4349 | D:4      | Reached skill level 8 in Fighting
  4351 | D:4      | Noticed Edmund
  4389 | D:4      | Killed Edmund
  4583 | D:4      | Reached XP level 8. HP: 61/74 MP: 12/12
  4595 | D:4      | Reached **** piety under Zin
  4857 | D:4      | Found a runed translucent door.
  4858 | D:4      | Noticed Crazy Yiuf
  5042 | D:4      | Killed Crazy Yiuf
  5077 | D:5      | Entered Level 5 of the Dungeon
  5118 | D:5      | Reached skill level 1 in Ice Magic
  5195 | D:5      | Found a sparkling altar of Nemelex Xobeh.
  5233 | D:5      | Reached skill level 5 in Maces & Flails
  5403 | D:5      | Noticed Blork the orc
  5414 | D:5      | Killed Blork the orc
  5637 | D:5      | Found a stormy altar of Qazlal.
  5641 | D:5      | Reached skill level 9 in Fighting
  5687 | D:5      | Noticed Dowan
  5699 | D:5      | Noticed Duvessa
  5712 | D:5      | Killed Duvessa
  5712 | D:5      | Killed Dowan
  5833 | D:5      | Learned a level 4 spell: Summon Ice Beast
  5917 | D:5      | Reached XP level 9. HP: 54/84 MP: 5/15
  6112 | D:5      | Reached ***** piety under Zin
  6465 | D:5      | Found a staircase to the Ecumenical Temple.
  6694 | D:6      | Noticed a troll
  6720 | D:6      | Killed a troll
  6721 | D:6      | Reached skill level 10 in Fighting
  6845 | D:6      | Reached skill level 5 in Summonings
  7510 | D:7      | Paralysed by a hornet for 1 turns
  7530 | D:7      | Reached skill level 5 in Ice Magic
  7770 | D:7      | Reached skill level 5 in Spellcasting
  8083 | D:7      | Reached XP level 10. HP: 75/94 MP: 13/17
  8263 | D:7      | Learned a level 3 spell: Frozen Ramparts
  8580 | D:8      | Reached skill level 11 in Fighting
  8604 | D:8      | Noticed Maggie
  8621 | D:8      | Killed Maggie
  8622 | D:8      | Reached skill level 1 in Invocations
  8824 | D:8      | Noticed Joseph
  8834 | D:8      | Paralysed by Joseph for 5 turns
  8839 | D:8      | Killed Joseph
  8840 | D:8      | Reached skill level 1 in Axes
  8895 | D:8      | Noticed an elephant
  8903 | D:8      | Killed an elephant
  9225 | D:8      | Found a staircase to the Lair.
 10746 | D:9      | Reached skill level 12 in Fighting
 10746 | D:9      | Reached XP level 11. HP: 97/104 MP: 4/19
 10775 | D:9      | Noticed Grum
 10783 | D:9      | Killed Grum
 11359 | D:10     | Entered Level 10 of the Dungeon
 12282 | D:10     | Reached ****** piety under Zin
 12818 | D:11     | Reached skill level 5 in Axes
 13955 | D:12     | Noticed a two-headed ogre
 13956 | D:12     | Noticed an ogre mage
 13957 | D:12     | Noticed a two-headed ogre
 13968 | D:12     | Killed an ogre mage
 13972 | D:12     | Killed a two-headed ogre
 14101 | D:11     | Killed a two-headed ogre
 14291 | D:12     | Found a staircase to the Orcish Mines.
 14654 | D:12     | Noticed an eight-headed hydra
 14659 | D:12     | Killed a six-headed hydra
 14660 | D:12     | Reached XP level 12. HP: 52/113 MP: 13/21
 14922 | D:12     | Reached skill level 13 in Fighting
 15075 | D:12     | Noticed a catoblepas
 15090 | D:12     | Killed a catoblepas
 15091 | D:12     | Reached skill level 5 in Dodging
 15360 | D:12     | Noticed a two-headed ogre
 15363 | D:12     | Reached skill level 5 in Invocations
 15364 | D:12     | Killed a two-headed ogre
 15503 | D:12     | Noticed a two-headed ogre
 15512 | D:12     | Killed a two-headed ogre
 15803 | D:13     | Noticed a six-headed hydra
 15818 | D:13     | Killed a five-headed hydra
 16002 | Orc:1    | Entered Level 1 of the Orcish Mines
 17126 | Orc:2    | Entered Level 2 of the Orcish Mines
 17273 | Orc:2    | Noticed an orc warlord
 17412 | Orc:2    | Reached skill level 1 in Shields
 18932 | D:12     | Killed an orc warlord
 21221 | Orc:2    | Reached XP level 13. HP: 96/123 MP: 7/24
 22305 | Orc:2    | Found Naym's Weapon Emporium.
 22305 | Orc:2    | Found Milann's Armour Shop.
 22307 | Orc:2    | Found Wuiwon's Distillery.
 22309 | Orc:2    | Found Ciericua's Antique Armour Shoppe.
 22394 | Orc:2    | Found a staircase to the Elven Halls.
 22585 | Orc:2    | Bought a glowing hat for 175 gold pieces
 22595 | Orc:2    | Bought a potion of heal wounds for 60 gold pieces
 22595 | Orc:2    | Bought a potion of might for 48 gold pieces
 22595 | Orc:2    | Bought a potion of haste for 120 gold pieces
 22595 | Orc:2    | Bought a potion of might for 48 gold pieces
 22595 | Orc:2    | Bought a potion of curing for 36 gold pieces
 22798 | D:2      | Bought a scroll of enchant weapon for 97 gold pieces
 22798 | D:2      | Bought a scroll of enchant armour for 97 gold pieces
 22798 | D:2      | Bought a scroll of enchant armour for 97 gold pieces
 23634 | Lair:1   | Entered Level 1 of the Lair of Beasts
 24998 | Lair:2   | You fall into a shaft and drop 1 floor!
 25058 | Lair:2   | Reached skill level 14 in Fighting
 25560 | Lair:2   | Noticed Sonja
 25567 | Lair:2   | Killed Sonja
 25693 | Lair:2   | Found a hole to the Spider Nest.
 27407 | Lair:3   | Reached skill level 1 in Poison Magic
 27751 | Lair:3   | Reached skill level 1 in Staves
 28072 | Lair:3   | Learned a level 4 spell: Olgreb's Toxic Radiance
 28335 | Lair:3   | Reached XP level 14. HP: 121/132 MP: 21/26
 28676 | Lair:3   | Reached skill level 5 in Shields
 29565 | Lair:4   | Noticed Rupert
 29576 | Lair:4   | HP: 1/117 [Rupert (47)]
 29576 | Lair:4   | Slain by Rupert

Illustrated notes

Levels and vault maps discovered:
D:1:      dpeg_arrival_concentric_ovals, layout_basic
D:2:      layout_basic, serial_shops, nicolae_shop_advertising_works
          [nicolae_subvault_shop_adworks]
D:3:      layout_loops_ring, mainiacjoe_overflow_brackets,
          dilly_ecumenical_altar_fadedgnrine
D:4:      layout_basic, chequers_ossuary_entry_cave, corexii_leaking_fountain,
          uniq_edmund, uniq_crazy_yiuf_cottage
D:5:      layout_loops_ring, minmay_temple_entry_nine_rooms,
          hangedman_feature_mirror, minmay_increasing_density, uniq_duvessa,
          uniq_blork_the_orc
D:6:      layout_rooms
D:7:      layout_loops_ring
D:8:      layout_loops_ring, david_lair_generic, uniq_maggie, uniq_joseph
D:9:      layout_rooms, minmay_door_square, uniq_grum
D:10:     layout_long_grid
D:11:     layout_loops_ring
D:12:     layout_loops_cross, david_orc_3
D:13:     layout_gridville
Lair:1:   layout_regular_city, patterned_corridor, infiniplex_staircase_pool_2,
          grunt_megastairs_1
Lair:2:   layout_gridlike, nicolae_spider_entry_tight_spaces, uniq_sonja
Lair:3:   layout_gridlike, infiniplex_staircase_pool
Lair:4:   layout_regular_city, minmay_swamp_entry_worms,
          nicolae_quartered_pool_medium, kennysheep_snail_temple, uniq_rupert
Orc:1:    layout_caves
Orc:2:    st_orc_rangers, layout_caves

Skill      XL: |  1  2  3  4  5  6  7  8  9 10 11 12 13 14 |
---------------+-------------------------------------------+-----
Fighting       | 4 5 6 7 8 9 10 12 13 14 | 14.4
Spellcasting   | 1 2 4 5 6 7 8 |  8.5
Summonings     | 1 2 3 4 5 6 7 |  7.0
Maces & Flails | 4 5 6 7 8 9 |  9.6
Ice Magic      | 3 5 6 7 |  7.0
Dodging        | 3 4 5 7 |  7.2
Invocations    | 3 4 6 7 |  7.9
Axes           | 3 6 7 8 |  8.8
Shields        | 2 4 5 |  5.0
Poison Magic   | 2 3 |  3.6
Staves         | 1 3 |  3.4
Stealth        | |  1.7

Action                   |  1- 3 |  4- 6 |  7- 9 | 10-12 | 13-15 || total
-------------------------+-------+-------+-------+-------+-------++-------
Melee: Mace              |   102 |   171 |   146 |       |       ||   419
       Tailslap          |    11 |    26 |    57 |    41 |    42 ||   177
       Punch             |     2 |     3 |     9 |       |       ||    14
       Flail             |       |       |   305 |    17 |       ||   322
       Broad axe         |       |       |       |   276 |   254 ||   530
       Staff             |       |       |       |       |     4 ||     4
Throw: Boomerang         |       |     5 |     6 |     3 |       ||    14
       Javelin           |       |       |     4 |     3 |       ||     7
       Dart              |       |       |       |     1 |     1 ||     2
 Cast: Call Canine Famil |       |       |    21 |    61 |    37 ||   119
       Summon Ice Beast  |       |       |     3 |    99 |    57 ||   159
       Frozen Ramparts   |       |       |       |    99 |    49 ||   148
       Olgreb's Toxic Ra |       |       |       |       |    17 ||    17
Invok: Donate Gold       |       |     1 |       |       |       ||     1
       Recite            |       |       |     1 |       |       ||     1
       Vitalisation      |       |       |     1 |     1 |       ||     2
 Abil: Breathe Frost     |       |       |    15 |     3 |       ||    18
Evoke: Wand              |       |       |       |     3 |     3 ||     6
  Use: Scroll            |     5 |       |    17 |     4 |     6 ||    32
       Potion            |     2 |       |     5 |       |       ||     7
 Stab: Sleeping          |     5 |     2 |     7 |       |     1 ||    15
       Distracted        |       |       |     2 |     1 |     3 ||     6
       Paralysed         |       |       |       |     5 |       ||     5
Armor: Skin              |    36 |   134 |   279 |   175 |   113 ||   737
Dodge: Dodged            |    60 |   135 |   299 |   327 |   203 ||  1024
Block: Buckler           |       |       |       |   114 |   102 ||   216
